 Dungeon Crawl Stone Soup version 0.30-a0-757-ga6a79fd877 (webtiles) character file.

Game seed: 4801565995892855792

805 scionoferis the Ducker (level 7, -2/57 HPs)
             Began as a Demigod Hexslinger on Feb 9, 2023.
             Engulfed by a steam dragon's steam (11 damage)
             ... on level 5 of the Dungeon.
             The game lasted 00:10:27 (3200 turns).

scionoferis the Ducker (Demigod Hexslinger)         Turns: 3200, Time: 00:10:28

Health: -2/57      AC:  2    Str: 11    XL:     7   Next: 33%
Magic:  11/11      EV: 16    Int: 15    God:
Gold:   127        SH:  0    Dex: 28    Spells: 7/8 levels left

rFire   . . .      SeeInvis .    b - +0 arbalest
rCold   . . .      Faith    .    (shield currently unavailable)
rNeg    + . .      Spirit   .    c - +0 robe
rPois   .          Reflect  .    (no helmet)
rElec   .          Harm     .    (no cloak)
rCorr   .          Rampage  .    (no gloves)
Will    .....                    (no boots)
Stlth   +++                      t - amulet of the acrobat
HPRegen 0.29/turn                k - ring of positive energy
MPRegen 0.12/turn                o - +6 ring of dexterity

@: no status effects
A: high MP 1, forlorn, divine attributes
a: no special abilities


You were on level 5 of the Dungeon.
You visited 1 branch of the dungeon, and saw 5 of its levels.

You collected 127 gold pieces.


Innate Abilities, Weirdness & Mutations

You have an increased reservoir of magic. (+10% MP)
You shall have no god before yourself.
Your divine heritage dramatically boosts your attributes as you level up.


   Skills:
 + Level 3.1 Fighting
 * Level 4.0 Long Blades
 - Level 1.7 Ranged Weapons
 * Level 5.0 Dodging
 + Level 3.2 Stealth
 - Level 1.0 Spellcasting
 - Level 2.6 Hexes


You had 7 spell levels left.
You knew the following spells:

 Your Spells              Type           Power      Damage    Failure   Level
a - Slow                  Hex            32%        N/A       9%          1

Your spell library contained the following spells:

 Spells                   Type           Power      Damage    Failure   Level
 Blink                    Tloc           0%         N/A       36%         2
 Lesser Beckoning         Tloc           0%         N/A       36%         2
 Momentum Strike          Conj/Tloc      0%         3d8       36%         2
 Inner Flame              Hex/Fire       4%         N/A       38%         3
 Portal Projectile        Hex/Tloc       8%         N/A       38%         3
 Call Canine Familiar     Summ           0%         N/A       58%         3
 Frozen Ramparts          Ice            0%         1d1       58%         3
 Cause Fear               Hex            4%         N/A       63%         4
 Leda's Liquefaction      Hex/Erth       2%         N/A       80%         4
 Ice Form                 Ice/Tmut       0%         N/A       94%         4
 Borgnjor's Revivificati  Necr           0%         N/A       100%        8

Inventory:

Hand Weapons
 a - a +0 short sword
   (You took it off a kobold on level 3 of the Dungeon)
 b - a +0 arbalest (weapon)
   (You found it on level 4 of the Dungeon)
 d - a +0 dagger
   (You took it off a kobold on level 1 of the Dungeon)
 A - a +1 sling
Missiles
 D - a boomerang of dispersal
Armour
 c - a +0 robe (worn)
Jewellery
 k - a ring of positive energy (left hand)
   (You found it on level 1 of the Dungeon)
 l - a ring of flight
   (You found it on level 1 of the Dungeon)
 o - a +6 ring of dexterity (right hand)
   (You found it on level 2 of the Dungeon)
 q - a ring of wizardry
   (You found it on level 3 of the Dungeon)
 t - an amulet of the acrobat (around neck)
   (You found it on level 3 of the Dungeon)
 y - an amulet of reflection
   (You found it on level 4 of the Dungeon)
Wands
 v - a wand of flame (3)
   (You found it on level 3 of the Dungeon)
 x - a wand of polymorph (5)
   (You took it off Natasha on level 3 of the Dungeon)
Scrolls
 g - 3 scrolls of fear {unknown}
 h - a scroll of blinking {unknown}
 i - a scroll of torment {unknown}
 m - a scroll of noise {unknown}
 p - 3 scrolls of identify {unknown}
 u - a scroll of enchant weapon {unknown}
 w - a scroll of magic mapping {unknown}
 B - a scroll of poison
 C - a scroll of teleportation {unknown}
Potions
 e - 3 potions of curing {unknown}
 f - a potion of haste {unknown}
 j - 2 potions of lignification {unknown}
 n - a potion of mutation {unknown}
 r - a potion of might
 s - a potion of flight {unknown}
 z - a potion of heal wounds {unknown}

Dungeon Overview and Level Annotations

Branches:
Dungeon (5/15)
 Temple: D:4-7

Annotations:
D:4 Sigmund

##### #...## # ## #.8.†#
...# #..D#§..# #.####
###.@.# .## #....#
##.'.8.'# #
##..#.######..#...#5#
†...#.........#...# .#
#...#....####.#.8.+ ..
<...#.##......#...# ##
<...#.##################
###)#.........# #....#
...........##'### #.##.#


You could see a steam dragon and a white imp.


Message History

Increase (S)trength, (I)ntelligence, or (D)exterity?
You feel agile. x4
You drop a +0 quarterstaff.
Found a trident.
You now have 87 gold pieces (gained 16).
Things that are here:
a +0 club; a goblin corpse A hobgoblin comes into view.
You shoot a sling bullet. The sling bullet hits the hobgoblin.
The hobgoblin shouts!
The hobgoblin is heavily wounded.
You shoot a sling bullet. The sling bullet hits the hobgoblin.
The hobgoblin is almost dead.
No target in view!
No target in view!
No target in view!
No target in view!
You shoot a sling bullet. The sling bullet hits the hobgoblin.
You kill the hobgoblin!
No target in view!
No target in view!
Found a stone staircase leading down.
You see here a hobgoblin corpse.
e - 2 golden potions (gained 1)
g - 2 scrolls labelled SIYMUTHOXORCH (gained 1)
You now have 92 gold pieces (gained 5).
There is a stone staircase leading down here.
There is a stone staircase leading down here.
p - a scroll labelled QIONYN JOODWO You see here a +0 trident.
Done exploring.
You see here a +0 quarterstaff.
There is a stone staircase leading down here.
Search for what [? for help]? d: Unknown command.
Unknown command.
You climb downwards.
Found a stone staircase leading down.
There is a stone staircase leading up here.
q - a ring of wizardry You open the door.
A bat comes into view.
You shoot a sling bullet. The sling bullet hits the bat!
You kill the bat!
No target in view!
No target in view!
There is an open door here.
You see here a bat corpse.
Found a stone staircase leading up.
You now have 104 gold pieces (gained 12).
r - a ruby potion A giant cockroach comes into view.
You shoot a sling bullet.
The sling bullet hits the giant cockroach.
The giant cockroach is moderately wounded.
No target in view!
No target in view!
You shoot a sling bullet.
The sling bullet closely misses the giant cockroach.
You shoot a sling bullet.
The sling bullet hits the giant cockroach.
You kill the giant cockroach!
No target in view!
No target in view!
A frilled lizard comes into view.
Found a stone staircase leading down.
You shoot a sling bullet.
The sling bullet hits the frilled lizard!
You kill the frilled lizard!
No target in view!
No target in view!
A goblin comes into view. It is wielding a +0 dagger.
You shoot a sling bullet. The sling bullet hits the goblin!
You kill the goblin!
No target in view!
No target in view!
s - a dark potion You now have 106 gold pieces (gained 2).
t - an amulet of the acrobat You start putting on your amulet.
You continue putting on your amulet of the acrobat. x5
You finish putting on your amulet of the acrobat.
You feel ready to tumble and roll out of harm's way.
t - an amulet of the acrobat (around neck)
A goblin comes into view. It is wielding a +0 dagger.
You shoot a sling bullet. The sling bullet hits the goblin.
You kill the goblin!
No target in view!
No target in view!
e - 3 golden potions (gained 1)
An adder comes into view.
The adder hisses angrily.
You shoot a sling bullet. The sling bullet misses the adder.
No target in view!
You shoot a sling bullet. The sling bullet hits the adder.
The adder is lightly wounded.
You shoot a sling bullet.
The sling bullet closely misses the adder.
The adder barely misses you. The adder misses you.
You shoot a sling bullet.
The sling bullet barely misses the adder.
The adder barely misses you.
You shoot a sling bullet.
The sling bullet barely misses the adder.
The adder barely misses you. The adder bites you.
You are poisoned.
The adder poisons you!
You shoot a sling bullet. The sling bullet hits the adder!
The adder is severely wounded.
You feel sick. The adder closely misses you. The adder bites you.
You are more poisoned.
The adder poisons you!
You shoot a sling bullet. The sling bullet misses the adder.
You feel sick. The adder barely misses you.
You shoot a sling bullet.
The sling bullet closely misses the adder.
You feel sick. The adder barely misses you. The adder closely misses you.
You shoot a sling bullet. The sling bullet hits the adder.
You kill the adder!
You feel sick.
No target in view!
You feel sick.
You feel sick.
You feel sick.
You feel sick.
You are no longer poisoned.
HP restored.
You open the door.
There is an open door here.
A giant cockroach comes into view.
You shoot a sling bullet.
The sling bullet hits the giant cockroach!
You kill the giant cockroach!
No target in view!
No target in view!
u - a scroll labelled WUOTYX DEPRIULIKH You now have 120 gold pieces (gained 14).
A goblin comes into view. It is wielding a +0 club.
You shoot a sling bullet. The sling bullet hits the goblin.
The goblin shouts!
The goblin is moderately wounded.
You shoot a sling bullet. The sling bullet hits the goblin!
You kill the goblin!
No target in view!
No target in view!
Found a basalt altar of Yredelemnul.
Found an iron altar of Okawaru.
Found a stone staircase leading up.
Found a stone staircase leading down.
You pick up the Folio of White Unholy Rites and begin reading...
You add the spells Frozen Ramparts, Ice Form and Borgnjor's Revivification to your library.
Natasha and a goblin come into view.
Natasha is carrying a wand of polymorph (14).
Natasha hisses angrily.
A goblin opens the door.
Natasha stares at you and mumbles some strange words.
The magic dart hits you!
Natasha mumbles some strange words.
There is a stone staircase leading up here.
You shoot a sling bullet.
The sling bullet completely misses the goblin.
You shoot a sling bullet. The sling bullet hits the goblin.
You kill the goblin!
The white imp shouts, "Escape, thou currish weeb-spouting clam!"
Natasha claws you but does no damage.
You climb upwards.
There is a stone staircase leading down here.
You start resting.
HP restored.
Unknown command.
You climb downwards.
Level annotation: Natasha
There is a stone staircase leading up here.
You see here a +0 club.
Natasha casts a spell.
Fire: a) +1 sling
Press: ? - help, Q - select action, (/) - cycle Shift-Dir - straight line, f - Natasha
Aim: Natasha, carrying a wand of polymorph (14) (56% to hit)
You shoot a sling bullet. The sling bullet hits Natasha.
Natasha is moderately wounded.
Natasha casts a spell.
Fire: a) +1 sling
Press: ? - help, Q - select action, (/) - cycle Shift-Dir - straight line, f/p - Natasha
Aim: Natasha, carrying a wand of polymorph (14) (moderately wounded, 56% to hit)
You shoot a sling bullet.
The sling bullet closely misses Natasha.
Natasha casts a spell at you. The magic dart hits you!
Fire: a) +1 sling
Press: ? - help, Q - select action, (/) - cycle Shift-Dir - straight line, f/p - Natasha
Aim: Natasha, carrying a wand of polymorph (14) (moderately wounded, 56% to hit)
You shoot a sling bullet. The sling bullet hits Natasha.
Natasha is severely wounded.
The white imp gestures at you. The puff of frost hits you.
Fire: a) +1 sling
Press: ? - help, Q - select action, (/) - cycle Shift-Dir - straight line, f/p - Natasha
Aim: Natasha, carrying a wand of polymorph (14) (severely wounded, 56% to hit)
You shoot a sling bullet. The sling bullet hits Natasha.
Natasha is almost dead.
Natasha zaps a wand.
You resist with some effort.
Natasha zaps a wand.
You turn into an insubstantial wisp.
Your +1 sling melds into your body.
Your +0 robe melds into your body.
Your ring of positive energy melds into your body.
Your +6 ring of dexterity melds into your body.
Your amulet of the acrobat melds into your body.
You feel clumsy.
The crimson imp grinds its teeth.
The crimson imp hits you but does no damage.
You can't do that in your present form.
Unknown command.
The crimson imp barely misses you.
The crimson imp blinks!
Natasha stares at you and mumbles some strange words.
The magic dart hits you!
Natasha mumbles some strange words.
You see here a +0 club.
The white imp lashes its tail.
There is a stone staircase leading up here.
You fly upwards.
Your transformation is almost over.
There is a stone staircase leading down here.
You start resting.
You condense into your normal self.
Your +1 sling unmelds from your body.
Your +0 robe unmelds from your body.
Your ring of positive energy unmelds from your body.
Your +6 ring of dexterity unmelds from your body.
Your amulet of the acrobat unmelds from your body.
You feel agile.
You feel ready to tumble and roll out of harm's way.
You start resting.
HP restored.
You climb downwards.
Level annotation: Natasha
There is a stone staircase leading up here.
You shoot a sling bullet.
The sling bullet closely misses Natasha.
Natasha zaps a wand.
You resist with some effort.
You shoot a sling bullet.
The sling bullet closely misses Natasha.
Natasha wildly gestures.
Natasha's front paws start to glow.
You shoot a sling bullet. The sling bullet misses Natasha.
Natasha misses you. Natasha claws you.
You shoot a sling bullet. The sling bullet hits Natasha!
Natasha is almost dead.
Natasha completely misses you.
You shoot a sling bullet.
The sling bullet completely misses Natasha.
Natasha zaps a wand.
You resist with some effort.
You shoot a sling bullet.
The sling bullet hits Natasha but does no damage.
Natasha is almost dead.
Natasha claws you but does no damage.
Natasha zaps a wand.
You turn into a tree.
Your +0 robe melds into your body.
Your roots penetrate the ground.
You shoot a sling bullet.
The sling bullet closely misses Natasha.
Natasha mumbles some strange words.
You shoot a sling bullet.
The sling bullet hits Natasha but does no damage.
Natasha is almost dead.
Natasha claws you but does no damage.
The iron imp hits you but does no damage.
You are now empty-handed.
You barely miss Natasha.
Natasha is almost dead.
Natasha claws you but does no damage.
The iron imp shouts, "Decamp, thou unmuzzled ditch-delivered frater!"
The iron imp hits you but does no damage.
You hit Natasha but do no damage.
Natasha is almost dead.
Natasha claws you but does no damage.
The iron imp hits you but does no damage.
You hit Natasha.
You kill Natasha!
Natasha yowls pathetically as she dies!
The iron imp disappears in a puff of smoke!
Your Long Blades skill increases to level 1!
Your Dodging skill increases to level 3!
You cannot move.
You start resting.
HP restored.
a - a +1 sling (weapon)
You start resting.
Your transformation is almost over.
You start resting.
HP restored.
You feel less wooden.
Your +0 robe unmelds from your body.
You see here the felid corpse of Natasha.
You see here a +0 club.
Natasha, Servant of Life and Death comes into view.
She is carrying a wand of polymorph (9).
Natasha moves out of view.
No target in view!
Natasha hisses angrily.
You shoot a sling bullet.
The sling bullet completely misses Natasha.
Natasha howls an incantation.
Natasha shimmers violently.
You shoot a sling bullet. The sling bullet hits Natasha!
Natasha is severely wounded.
Natasha mumbles some strange words.
Natasha casts a spell.
The crimson imp blinks!
Natasha casts a spell at you. You resist with some effort.
You see here a +0 club.
Natasha mumbles some strange words.
You see here the felid corpse of Natasha.
The white imp gestures at you. The puff of frost misses you.
There is a stone staircase leading up here.
Fire: a) +1 sling
Press: ? - help, Q - select action, (/) - cycle Shift-Dir - straight line, f/p - Natasha
Aim: Natasha, carrying a wand of polymorph (9) (heavily wounded, 56% to hit)
You shoot a sling bullet. The sling bullet hits Natasha.
Natasha is almost dead.
Fire: a) +1 sling
Press: ? - help, Q - select action, (/) - cycle Shift-Dir - straight line, f/p - Natasha
Aim: Natasha, carrying a wand of polymorph (9) (almost dead, 56% to hit)
You shoot a sling bullet. The sling bullet hits Natasha.
You kill Natasha!
Natasha yowls pathetically as she dies!
The crimson imp disappears in a puff of smoke!
The white imp disappears in a puff of smoke! x2
You have reached level 4!
You start waiting.
Done waiting.
You see here the felid corpse of Natasha.
You see here a +0 club.
You see here the felid corpse of Natasha.
v - a wand of flame (3)
You open the door.
There is a stone staircase leading up here.
There is an iron altar of Okawaru here.
There is a stone staircase leading down here.
w - a scroll labelled TUDECA EHADANA As you open the door, it creaks loudly!
There is an open door here.
You open the door.
There is an open door here.
You open the door.
There is an open door here.
An adder comes into view.
You shoot a sling bullet. The sling bullet hits the adder!
The adder hisses angrily.
The adder is severely wounded.
You shoot a sling bullet.
The sling bullet closely misses the adder.
You shoot a sling bullet. The sling bullet hits the adder.
You kill the adder!
An endoplasm comes into view.
You shoot a sling bullet. The sling bullet hits the endoplasm.
The endoplasm is moderately wounded.
You shoot a sling bullet.
The sling bullet barely misses the endoplasm.
You shoot a sling bullet. The sling bullet hits the endoplasm!
You kill the endoplasm!
No target in view!
An orc comes into view. It is wielding a +0 club.
The orc shouts!
You shoot a sling bullet.
The sling bullet closely misses the orc.
You shoot a sling bullet.
The sling bullet closely misses the orc.
You shoot a sling bullet. The sling bullet barely misses the orc.
You shoot a sling bullet. The sling bullet hits the orc.
The orc is almost dead.
You shoot a sling bullet. The sling bullet hits the orc.
You kill the orc!
No target in view!
j - 2 metallic silvery potions (gained 1)
p - 2 scrolls labelled QIONYN JOODWO (gained 1)
p - 3 scrolls labelled QIONYN JOODWO (gained 1)
You open the door.
There is an open door here.
Natasha, Servant of Life and Death comes into view.
She is carrying a wand of polymorph (9).
You shoot a sling bullet.
The sling bullet closely misses Natasha.
Natasha hisses.
Natasha casts a spell at you. The magic dart hits you!
There is an open door here.
Natasha zaps a wand.
You turn into a bat.
Your +1 sling melds into your body.
Your +0 robe melds into your body.
Your ring of positive energy melds into your body.
Your +6 ring of dexterity melds into your body.
You feel clumsy.
Natasha mumbles some strange words.
You feel troubled.
A dart slug comes into view.
Your transformation is almost over.
There is a stone staircase leading up here.
You fly upwards.
There is a stone staircase leading down here.
The dart slug launches a dart at you. The slug dart misses you.
The dart slug launches a dart at you. The slug dart misses you.
You feel less batty.
Your +1 sling unmelds from your body.
Your +0 robe unmelds from your body.
Your ring of positive energy unmelds from your body.
Your +6 ring of dexterity unmelds from your body.
You feel agile. The dart slug launches a dart at you. The slug dart misses you.
You shoot a sling bullet. The sling bullet hits the dart slug.
The dart slug is heavily wounded.
The dart slug launches a dart at you. The slug dart misses you.
You shoot a sling bullet. The sling bullet hits the dart slug!
You kill the dart slug!
No target in view!
No target in view!
You see here a dart slug corpse.
There is a stone staircase leading down here.
You climb downwards.
Level annotation: Natasha
There is a stone staircase leading up here.
You shoot a sling bullet. The sling bullet barely misses Natasha.
You shoot a sling bullet. The sling bullet barely misses Natasha.
You shoot a sling bullet.
The sling bullet hits Natasha but does no damage.
Natasha zaps a wand.
You resist with some effort.
You shoot a sling bullet. The sling bullet hits Natasha.
Natasha is lightly wounded.
Natasha stares at you and mumbles some strange words.
You resist with some effort.
You shoot a sling bullet. The sling bullet barely misses Natasha.
Natasha howls an incantation.
Natasha shimmers violently.
Natasha barely misses you.
You shoot a sling bullet. The sling bullet hits Natasha.
Natasha is moderately wounded.
Natasha wildly gestures.
Natasha glows brightly for a moment.
Natasha closely misses you.
You shoot a sling bullet.
The sling bullet closely misses Natasha.
Natasha casts a spell at you.
You feel yourself slow down.
Natasha zaps a wand.
You resist with some effort.
You shoot a sling bullet.
The sling bullet closely misses Natasha.
Natasha zaps a wand.
You turn into a tree.
Your +0 robe melds into your body.
Your roots penetrate the ground.
Natasha wildly gestures.
Natasha glows brightly for a moment.
Natasha claws you but does no damage.
You shoot a sling bullet. The sling bullet hits Natasha.
Natasha is heavily wounded.
Natasha claws you but does no damage. x2
You are now empty-handed.
You hit Natasha.
Natasha is severely wounded.
Natasha claws you but does no damage. x2
You smack Natasha!
You kill Natasha!
You feel Natasha's spirit has finally been put to rest.
a - a +1 sling (weapon)
You start resting.
Your transformation is almost over.
You start resting.
You feel yourself speed up.
Unknown command.
You start resting.
HP restored.
You feel less wooden.
Your +0 robe unmelds from your body.
x - a wand of polymorph (5)
Found 3 stones.
A scorpion comes into view.
You see here a smoky green potion.
You shoot a sling bullet.
The sling bullet hits the scorpion but does no damage.
You shoot a sling bullet. The sling bullet hits the scorpion.
The scorpion is lightly wounded.
You shoot a sling bullet. The sling bullet hits the scorpion.
The scorpion is moderately wounded.
Aiming: Polymorph
Press: ? - help, Shift-Dir - straight line, f/p - scorpion
Aim: a scorpion (moderately wounded, will become an acid dragon, a boggart, or a bullfrog, chance to affect: 49%)
Okay, then.
Unknown command.
Unknown command.
Okay, then.
Unknown command.
You shoot a sling bullet. The sling bullet hits the scorpion!
The scorpion is severely wounded.
The scorpion stings you!
You shoot a sling bullet.
The sling bullet hits the scorpion but does no damage.
The scorpion is severely wounded.
The scorpion closely misses you. x2
You shoot a sling bullet. The sling bullet hits the scorpion.
The scorpion is severely wounded.
The scorpion barely misses you.
You shoot a sling bullet. The sling bullet hits the scorpion.
The scorpion is severely wounded.
The scorpion misses you. x2
You shoot a sling bullet.
The sling bullet barely misses the scorpion.
The scorpion closely misses you.
You shoot a sling bullet.
The sling bullet closely misses the scorpion.
The scorpion barely misses you. The scorpion completely misses you.
You shoot a sling bullet. The sling bullet hits the scorpion.
The scorpion is almost dead.
The scorpion closely misses you.
You shoot a sling bullet.
The sling bullet barely misses the scorpion.
The scorpion closely misses you. The scorpion stings you.
You shoot a sling bullet.
The sling bullet hits the scorpion but does no damage.
The scorpion is almost dead.
The scorpion stings you.
You are poisoned.
The scorpion poisons you!
You shoot a sling bullet. The sling bullet hits the scorpion.
You kill the scorpion!
You feel very sick.
Your Fighting skill increases to level 2!
Your Long Blades skill increases to level 2!
Your Stealth skill increases to level 2!
You have reached level 5!
You start resting.
You feel sick. x5
You are no longer poisoned.
HP restored.
z - a smoky green potion You now have 127 gold pieces (gained 7).
You see here 3 stones.
There is an open door here.
As you open the door, it creaks loudly!
There is an open door here.
You open the door.
There is an open door here.
Things that are here:
a +0 chain mail; a +0 club Done exploring.
Done exploring.
Search for what [Enter for "d:", or ? for help]? d: Unknown command.
There is a stone staircase leading up here.
You see here a +0 club.
There is a stone staircase leading down here.
Unknown command.
You climb downwards.
Found a dented cameo amulet, an arbalest and a scroll labelled SIYMUTHOXORCH.
Found a stone staircase leading up.
There is a stone staircase leading up here.
You climb upwards.
There is a stone staircase leading down here.
There is a stone staircase leading down here.
You climb downwards.
The ogre shouts!
Found 7 gold pieces.
There is a stone staircase leading up here.
You see here an amulet of reflection.
y - an amulet of reflection The goblin shouts!
There is a stone staircase leading up here.
You climb upwards.
There is a stone staircase leading down here.
There is a stone staircase leading down here.
You climb downwards.
There is a stone staircase leading up here.
You shoot a sling bullet.
The sling bullet hits the hound but does no damage.
The hound barks!
You hear a shout!
You shoot a sling bullet. The kobold shouts!
The sling bullet hits the hound.
The hound is moderately wounded.
You shoot a sling bullet. The sling bullet hits the hound.
The hound is heavily wounded.
The hound barely misses you.
You climb upwards.
There is a stone staircase leading down here.
Unknown command.
You shoot a sling bullet. The sling bullet hits the hound.
The hound is almost dead.
The hound barely misses you. The hound misses you.
You shoot a sling bullet. The sling bullet hits the hound.
You kill the hound!
No target in view!
No target in view!
You climb downwards.
The kobold barely misses you.
There is a stone staircase leading up here.
The kobold hits you with a +0 short sword.
You climb upwards.
There is a stone staircase leading down here.
You shoot a sling bullet.
The sling bullet barely misses the kobold.
The kobold hits you with a +0 short sword. x2
You shoot a sling bullet.
The sling bullet closely misses the kobold.
The kobold hits you with a +0 short sword.
You shoot a sling bullet. The sling bullet hits the kobold.
The kobold is moderately wounded.
The kobold hits you with a +0 short sword.
You shoot a sling bullet. The sling bullet hits the kobold.
The kobold is severely wounded.
The kobold misses you. x2
You shoot a sling bullet.
The sling bullet barely misses the kobold.
The kobold hits you with a +0 short sword.
You shoot a sling bullet.
The sling bullet hits the kobold but does no damage.
The kobold is severely wounded.
The kobold hits you with a +0 short sword.
You shoot a sling bullet.
The sling bullet closely misses the kobold.
The kobold hits you with a +0 short sword.
You shoot a sling bullet. The sling bullet hits the kobold.
You kill the kobold!
No target in view!
No target in view!
Things that are here:
a +0 short sword; a kobold corpse
A - a +0 short sword
There is a stone staircase leading down, spattered with blood here.
You start resting.
HP restored.
You climb downwards.
Level annotation: Grinder
There is a stone staircase leading up here.
Unknown command.
Grinder shouts!
You hear a shout!
You climb upwards.
There is a stone staircase leading down, spattered with blood here.
You see here a kobold corpse.
There is a stone staircase leading down here.
You climb downwards.
Level annotation: Grinder
There is a stone staircase leading up here.
You see here a +0 arbalest.
B - a +0 arbalest Adjust to which letter? (? for menu, Esc to quit)
b - a +0 arbalest;
B - a scroll of poison Adjust to which letter? (? for menu, Esc to quit)
a - a +0 short sword;
A - a +1 sling (weapon)
a - a +0 short sword (weapon)
b - a +0 arbalest (weapon)
You shoot a bolt. The bolt hits the goblin!!
You kill the goblin!
You see here a +0 dagger.
There is a stone staircase leading up here.
There is a stone staircase leading up here.
Found 4 poisoned darts.
g - 3 scrolls labelled SIYMUTHOXORCH (gained 1)
Found 12 gold pieces.
Found a hand axe.
An endoplasm comes into view.
Sigmund the Dreaded comes into view.
He is wielding a +4 heavy scythe.
The endoplasm moves out of view.
There is a stone staircase leading up here.
Sigmund shouts!
You hear a shout!
You climb upwards.
There is a stone staircase leading down here.
There is a stone staircase leading down here.
You climb downwards.
Level annotation: Grinder, Sigmund
There is a stone staircase leading up here.
Sigmund mumbles some strange words.
Sigmund flickers and vanishes!
Deactivating autopickup; reactivate with Ctrl-A.
You climb upwards.
Reactivating autopickup.
There is a stone staircase leading down here.
There is a stone staircase leading down, spattered with blood here.
You climb downwards.
Level annotation: Grinder, Sigmund The orc shouts! x2; You hear a shout!
The orc throws a boomerang of dispersal.
The boomerang of dispersal barely misses you.
There is a stone staircase leading up here.
You shoot a bolt. The orc wizard shouts!
The bolt hits the orc.
The orc is heavily wounded.
The orc hits you with a +0 hand axe. The orc barely misses you.
You climb upwards.
There is a stone staircase leading down, spattered with blood here.
The orc completely misses you. The orc hits you with a +0 hand axe.
The orc attacks as you move away! The orc hits you with a +0 dagger.
Fire: b) +0 arbalest
Press: ? - help, Q - select action, (/) - cycle Shift-Dir - straight line, f - orc
Aim: an orc, wielding a +0 hand axe, wearing a +0 ring mail and quivering boomerangs of dispersal (heavily wounded, 64% to hit)
You shoot a bolt. The bolt hits the orc!
You kill the orc!
The orc throws a boomerang of dispersal.
The boomerang of dispersal barely misses you.
Fire: b) +0 arbalest
Press: ? - help, Q - select action, (/) - cycle Shift-Dir - straight line, f/p - orc
Aim: an orc, wielding a +0 hand axe, wearing a +0 ring mail and quivering boomerangs of dispersal (heavily wounded, 64% to hit)
You shoot a bolt. The bolt closely misses the orc.
The orc closely misses you. The orc misses you.
You shoot a bolt. The bolt barely misses the orc.
The orc barely misses you.
You shoot a bolt. The bolt hits the orc!!
You kill the orc!
No target in view!
C - a scroll labelled XIAGO HEPT
Items here: ( )) [ †.
Items here: ( )) [ †.
D - a boomerang of dispersal
There is a stone staircase leading down, spattered with blood here.
You start resting.
HP restored.
You climb downwards.
Level annotation: Grinder, Sigmund The phantom barely misses you.
There is a stone staircase leading up, spattered with blood here.
Grinder shouts!
You hear a shout!
The phantom hits you.
You climb upwards.
There is a stone staircase leading down, spattered with blood here.
You shoot a bolt. The bolt hits the phantom.
The phantom is moderately damaged.
The phantom misses you.
The phantom hits you but does no damage.
You shoot a bolt. The bolt hits the phantom!
The phantom is almost destroyed.
The phantom hits you.
The phantom blinks!
You blink.
The phantom hits you!
You shoot a bolt. The bolt hits the phantom!
You destroy the phantom!
No target in view!
There is a stone staircase leading down, spattered with blood here.
You start resting.
HP restored.
You climb downwards.
Level annotation: Grinder, Sigmund Grinder hits you.
There is a stone staircase leading up, spattered with blood here.
You shoot a bolt. The bolt hits Grinder!!
Grinder is heavily wounded.
Grinder says, "Don't move a muscle."
Grinder closely misses you. Grinder misses you.
You shoot a bolt.
Sigmund shouts!
The bolt hits Grinder!
Grinder is almost dead.
Grinder hits you.
You writhe in agony.
Grinder closely misses you. Sigmund gestures at you while chanting.
The puff of flame hits you! Grinder misses you.
You climb upwards.
There is a stone staircase leading down, spattered with blood here.
You shoot a bolt. The bolt hits Grinder.
Grinder is almost dead.
Grinder hits you.
You writhe in agony.
You shoot a bolt. The bolt closely misses Grinder.
Grinder gestures at you. You resist with significant effort.
Grinder blinks!
You shoot a bolt. The bolt closely misses Grinder.
Grinder blinks!
No target in view!
You start resting.
Grinder is nearby!
You shoot a bolt. The bolt closely misses Grinder.
You shoot a bolt. The bolt hits Grinder!
You kill Grinder!
Your Long Blades skill increases to level 3!
Your Dodging skill increases to level 4!
You have reached level 6!
Your experience leads to a dramatic increase in your attributes!
Your base attributes are Str 11, Int 15, Dex 18.
Increase (S)trength, (I)ntelligence, or (D)exterity?
You feel agile. x4
You start resting.
HP restored.
You see here a kobold skeleton.
There is a stone staircase leading down here.
You climb downwards.
Level annotation: Sigmund
There is a stone staircase leading up here.
You shoot a bolt. The hobgoblin shouts!
The bolt hits the orc.
The orc is almost dead.
You shoot a bolt. The bolt hits the hobgoblin.
The hobgoblin is lightly wounded.
You shoot a bolt. The bolt closely misses the hobgoblin.
The bolt hits the orc wizard!
The orc wizard is heavily wounded.
You shoot a bolt. The bolt closely misses the hobgoblin.
The hobgoblin drinks a potion.
The hobgoblin seems to grow stronger.
The orc wizard casts a spell at you. The magic dart hits you!
The hobgoblin hits you.
You climb upwards.
There is a stone staircase leading down here.
You shoot a bolt. The bolt closely misses the hobgoblin.
The hobgoblin hits you. The hobgoblin misses you.
You shoot a bolt. The bolt hits the hobgoblin!
You kill the hobgoblin!
No target in view!
No target in view!
You start resting.
HP restored.
You climb downwards.
Level annotation: Sigmund The orc barely misses you.
The orc misses you.
There is a stone staircase leading up here.
The orc closely misses you.
You climb upwards.
There is a stone staircase leading down here.
You shoot a bolt. The bolt hits the orc!
You kill the orc!
No target in view!
Things that are here:
a +0 war axe; a +0 leather armour; a hobgoblin corpse
There is a stone staircase leading down here.
You climb downwards.
Level annotation: Sigmund
There is a stone staircase leading up here.
You shoot a bolt. The bolt closely misses the orc wizard.
The orc wizard points at you and mumbles some strange words.
You resist with some effort.
You shoot a bolt. The bolt closely misses the orc wizard.
The orc wizard casts a spell.
The orc wizard flickers and vanishes!
Deactivating autopickup; reactivate with Ctrl-A.
You hear some strange, mumbled words.
A magic dart appears from out of thin air!
The magic dart hits you!
No target in view!
Fire: b) +0 arbalest
Press: ? - help, Q - select action, (/) - cycle Shift-Dir - straight line You shoot a bolt.
Something hits you. x2
Fire: b) +0 arbalest
Press: ? - help, Q - select action, (/) - cycle Shift-Dir - straight line You shoot a bolt.
Something hits you. x2
Fire: b) +0 arbalest
Press: ? - help, Q - select action, (/) - cycle Shift-Dir - straight line You shoot a bolt.
Reactivating autopickup.
You feel a bit more experienced.
Things that are here:
a +0 dagger; a +0 robe; an orc corpse
There is a stone staircase leading up, spattered with blood here.
You climb upwards.
There is a stone staircase leading down here.
You start resting.
HP restored.
You climb downwards.
Level annotation: Sigmund
There is a stone staircase leading up, spattered with blood here.
Found a stone staircase leading down.
There is a stone staircase leading down here.
You climb downwards.
You hear the sound of rushing water.
There is an entrance to a sewer on this level.
Hurry and find it before the portal rusts away!
Found a stone staircase leading up.
There is a stone staircase leading up here.
Okay, then.
Unknown command.
A water moccasin comes into view.
d - a +0 dagger (weapon)
The water moccasin hisses angrily.
b - a +0 arbalest (weapon)
The water moccasin closely misses you.
You shoot a bolt.
The bolt closely misses the water moccasin.
The water moccasin closely misses you. x2
You shoot a bolt. The bolt hits the water moccasin!!
The water moccasin is severely wounded.
The water moccasin closely misses you. The water moccasin bites you!
You are poisoned.
The water moccasin poisons you!
The water moccasin bites you but does no damage.
You shoot a bolt. The bolt hits the water moccasin.
The water moccasin is almost dead.
You feel very sick. The water moccasin bites you! The water moccasin bites you.
You shoot a bolt.
The bolt barely misses the water moccasin.
You feel very sick. The water moccasin bites you.
The water moccasin barely misses you. The water moccasin misses you.
You are too injured to fight recklessly!
Fire: b) +0 arbalest
Press: ? - help, Q - select action, (/) - cycle Shift-Dir - straight line, f/p - water moccasin
Aim: a water moccasin (almost dead, 46% to hit)
You shoot a bolt. The bolt hits the water moccasin!!
You kill the water moccasin!
You feel very sick.
You have reached level 7!
You feel sick.
There is a stone staircase leading up here.
You feel sick.
There is a stone staircase leading up here.
You start resting.
You feel sick. x3
You are no longer poisoned.
You start resting.
You hear the slow rusting of a distant drain.
You start resting.
You hear the slow rusting of a distant drain.
You start resting.
You hear the slow rusting of a distant drain.
You start resting.
HP restored.
An ogre comes into view. It is wielding a +0 giant club.
You shoot a bolt. The bolt barely misses the ogre.
You shoot a bolt. The bolt hits the ogre.
The ogre is lightly wounded.
You shoot a bolt. The bolt hits the ogre!!
The ogre is severely wounded.
You shoot a bolt. The bolt hits the ogre!
You kill the ogre!
Your Fighting skill increases to level 3!
Your Stealth skill increases to level 3!
Things that are here:
a +0 giant club; an ogre corpse
Found a stone staircase leading down.
You open the door.
There is an open door here.
You open the door.
You hear the slow rusting of a very distant drain.
There is an open door here.
You open the door.
There is an open door here.
As you open the door, it creaks loudly!
A sky beast and a hound come into view.
The hound barks!
You hear an angry hiss.
The hound stops to sniff the ground.
The sky beast moves out of view.
You shoot a bolt. The bolt hits the hound.
The hound is moderately wounded.
The hound closely misses you.
A steam dragon comes into view.
The hound closely misses you.
The steam dragon moves out of view.
You shoot a bolt. The bolt misses the hound.
The hound closely misses you. The hound misses you.
The hound bites you but does no damage.
Fire: b) +0 arbalest
Press: ? - help, Q - select action, (/) - cycle Shift-Dir - straight line, f - steam dragon, p - hound
Aim: a steam dragon (63% to hit)
You shoot a bolt. The bolt closely misses the hound.
The bolt hits the sky beast!!
The sky beast is severely wounded.
The hound bites you.
The sky beast flickers out of sight!
Deactivating autopickup; reactivate with Ctrl-A.
The hound bites you but does no damage. The hound bites you.
Fire: b) +0 arbalest
Press: ? - help, Q - select action, (/) - cycle Shift-Dir - straight line, f/p - steam dragon
Aim: a steam dragon (63% to hit)
You shoot a bolt. The bolt hits the hound!
You kill the hound!
The steam dragon breathes steam at you.
The ball of steam hits something!!
Reactivating autopickup.
You feel a bit more experienced. The ball of steam hits you!
Your Long Blades skill increases to level 4!
Your Dodging skill increases to level 5!
Fire: b) +0 arbalest
Press: ? - help, Q - select action, (/) - cycle Shift-Dir - straight line, f/p - steam dragon
Aim: a steam dragon (catching its breath, 63% to hit)
You shoot a bolt.
The bolt barely misses the steam dragon.
The steam dragon bites you. The steam dragon claws you.
Fire: b) +0 arbalest
Press: ? - help, Q - select action, (/) - cycle Shift-Dir - straight line, f/p - steam dragon
Aim: a steam dragon (63% to hit)
You shoot a bolt. The bolt hits the steam dragon!
The steam dragon is moderately wounded.
The steam dragon misses you. The steam dragon barely misses you.
The steam dragon misses you. The steam dragon claws you.
Fire: b) +0 arbalest
Press: ? - help, Q - select action, (/) - cycle Shift-Dir - straight line, f/p - steam dragon
Aim: a steam dragon (moderately wounded, 63% to hit)
You shoot a bolt. The bolt hits the steam dragon.
The steam dragon is moderately wounded.
The steam dragon bites you. The steam dragon claws you.
The steam dragon misses you. The steam dragon claws you.
* * * LOW HITPOINT WARNING * * *
Fire: b) +0 arbalest
Press: ? - help, Q - select action, (/) - cycle Shift-Dir - straight line, f/p - steam dragon
Aim: a steam dragon (moderately wounded, 63% to hit)
You shoot a bolt. The bolt hits the steam dragon!
The steam dragon is severely wounded.
The steam dragon breathes steam at you. The ball of steam misses you.
You hear a shout! x2
The steam dragon completely misses you. The steam dragon misses you.
Fire: b) +0 arbalest
Press: ? - help, Q - select action, (/) - cycle Shift-Dir - straight line, f/p - steam dragon
Aim: a steam dragon (steam, severely wounded, catching its breath, 63% to hit)
You shoot a bolt. The bolt hits the steam dragon!
The steam dragon is almost dead.
A white imp opens the door.
The steam dragon bites you.
* * * LOW HITPOINT WARNING * * *
The steam dragon misses you. The white imp gestures at you.
The puff of frost misses you.
The steam dragon bites you but does no damage.
The steam dragon claws you but does no damage.
Fire: b) +0 arbalest
Press: ? - help, Q - select action, (/) - cycle Shift-Dir - straight line, f/p - steam dragon
Aim: a steam dragon (almost dead, 63% to hit)
You shoot a bolt.
The bolt closely misses the steam dragon.
You are engulfed in a cloud of scalding steam.
You die...

Skill      XL: |  1  2  3  4  5  6  7 |
---------------+----------------------+-----
Fighting       | 1 2 3 |  3.1
Dodging        | 2 3 4 5 |  5.0
Stealth        | 1 2 3 |  3.2
Long Blades    | 1 2 3 4 |  4.0
Ranged Weapons | |  1.7
Spellcasting   | |  1.0
Hexes          | |  2.6

Action                     |  1- 3 |  4- 6 |  7- 9 || total
---------------------------+-------+-------+-------++-------
  Melee: Unarmed           |     3 |     2 |       ||     5
   Fire: Sling             |   124 |    49 |       ||   173
         Arbalest          |       |    33 |    14 ||    47
 Armour: Robe              |     6 |     2 |     4 ||    12
         Skin              |     7 |     5 |       ||    12
  Dodge: Dodged            |    29 |    45 |    13 ||    87

Levels and vault maps discovered:
D:1:      kb_arrival_jail, layout_basic, minmay_tree_intersection
D:2:      layout_rooms, minivault_27, dreamdust_princess_corridor
D:3:      layout_basic, chequers_temple_overflow_statue_of_worship, uniq_natasha
D:4:      due_chaos_kobolds, layout_cave_pools, kennysheep_mini_moat,
          trog_wizard, serial_park, serial_park_avenue1, serial_park_gazebo
          [serial_park_minivault_5x5_1], serial_park_square1
          [serial_park_minivault_5x5_3], serial_park_square3
          [serial_park_minivault_5x5_7], serial_park_tiny_2,
          hangedman_decor_slide_cut, uniq_grinder, uniq_duvessa, uniq_sigmund
D:5:      minmay_chambers_of_threes, layout_basic, gup_sewer_entry_bubbles,
          chequers_serial_rivers_small_3, minmay_misc_feat_ornament

Notes
Turn   | Place    | Note
-------+----------+-------------------------------------------
     0 | D:1      | scionoferis the Demigod Hexslinger began the quest for the
                  | Orb.
     0 | D:1      | Reached XP level 1. HP: 15/15 MP: 4/4
     2 | D:1      | Noticed a vine stalker
     4 | D:1      | Noticed a merfolk
     4 | D:1      | Noticed a demigod
     6 | D:1      | Noticed a draconian
     8 | D:1      | Noticed an armataur
     8 | D:1      | Noticed a formicid
    10 | D:1      | Noticed an ogre
    10 | D:1      | Noticed an elf
    12 | D:1      | Noticed a ghoul
    12 | D:1      | Noticed a gargoyle
    14 | D:1      | Noticed a spriggan
    14 | D:1      | Noticed a vampire
    16 | D:1      | Noticed a troll
    16 | D:1      | Noticed an octopode
    18 | D:1      | Noticed a naga
    18 | D:1      | Noticed a meteoran
    20 | D:1      | Noticed a human
    20 | D:1      | Noticed a tengu
    22 | D:1      | Noticed a minotaur
    24 | D:1      | Noticed a draconian
    24 | D:1      | Noticed a demonspawn
    26 | D:1      | Noticed a meteoran
    26 | D:1      | Noticed a meteoran
    55 | D:1      | Reached skill level 1 in Fighting
    77 | D:1      | Reached skill level 2 in Dodging
   238 | D:1      | Reached XP level 2. HP: 23/23 MP: 5/5
   511 | D:1      | Reached skill level 1 in Stealth
   921 | D:2      | Reached XP level 3. HP: 28/28 MP: 6/6
  1446 | D:3      | Got the Folio of White Unholy Rites
  1454 | D:3      | Noticed Natasha
  1597 | D:3      | Killed Natasha
  1598 | D:3      | Reached skill level 1 in Long Blades
  1598 | D:3      | Reached skill level 3 in Dodging
  1619 | D:3      | Noticed Natasha
  1632 | D:3      | Killed Natasha
  1633 | D:3      | Reached XP level 4. HP: 36/36 MP: 8/8
  2032 | D:3      | Noticed Natasha
  2109 | D:3      | Killed Natasha
  2166 | D:3      | Reached skill level 2 in Fighting
  2166 | D:3      | Reached skill level 2 in Long Blades
  2166 | D:3      | Reached skill level 2 in Stealth
  2166 | D:3      | Reached XP level 5. HP: 28/41 MP: 9/9
  2403 | D:4      | Noticed an ogre
  2478 | D:4      | Noticed Grinder
  2588 | D:4      | Noticed Sigmund
  2752 | D:3      | Killed Grinder
  2753 | D:3      | Reached skill level 3 in Long Blades
  2753 | D:3      | Reached skill level 4 in Dodging
  2753 | D:3      | Reached XP level 6. HP: 30/50 MP: 10/10
  2965 | D:5      | Entered Level 5 of the Dungeon
  2966 | D:5      | Noticed a water moccasin
  2973 | D:5      | Killed a water moccasin
  2974 | D:5      | Reached XP level 7. HP: 19/56 MP: 11/11
  3124 | D:5      | Reached skill level 3 in Fighting
  3124 | D:5      | Reached skill level 3 in Stealth
  3189 | D:5      | Noticed a steam dragon
  3193 | D:5      | Reached skill level 4 in Long Blades
  3193 | D:5      | Reached skill level 5 in Dodging
  3200 | D:5      | Engulfed by a steam dragon's steam

Vanquished Creatures
  Grinder (D:3)
  A water moccasin (D:5)
  An ogre (D:5)
  A phantom (D:3)
  A scorpion (D:3)
  2 hounds (D:3 D:5)
  Natasha (thrice) (D:3)
  An orc wizard (D:4)
  2 adders (D:3)
  A worm (D:2)
  2 dart slugs (D:1 D:2)
  4 orcs (D:3)
  3 endoplasms (D:1 D:2 D:3)
  4 giant cockroaches (D:1 D:3)
  7 hobgoblins (D:1 D:2 D:3)
  A quokka (D:1)
  4 ball pythons (D:1)
  2 bats (D:1 D:3)
  4 frilled lizards (D:1 D:2 D:3)
  7 goblins (D:1 D:2 D:3 D:4)
  5 kobolds (D:1 D:2 D:3)
  3 rats (D:1)
60 creatures vanquished.

Vanquished Creatures (others)
  A sky beast (D:5)
1 creature vanquished.

Grand Total: 61 creatures vanquished

Table legend: (Time is in decaauts)
 A = Elapsed time spent in this place.
 B = Non-inter-level travel time spent in this place.
 C = Inter-level travel time spent in this place.
 D = Time resting spent in this place.
 E = Time spent auto-exploring this place.
 F = Levels seen in this place.
 G = Mean time per level.
                   A        B        C        D        E       F      G
               +--------+--------+--------+--------+--------+-----+--------+
         Total |   3290 |   3097 |    193 |    628 |   1719 |   5 |  658.0 |
       Dungeon |   3290 |   3097 |    193 |    628 |   1719 |   5 |  658.0 |
               +--------+--------+--------+--------+--------+-----+--------+

Top non-repeatable levels by time:
     D:3: 1632 daAuts
     D:2: 662 daAuts
     D:1: 641 daAuts
     D:5: 248 daAuts
     D:4: 105 daAuts

Table legend:
 A = Non-vault XP
 B = Vault XP
 C = Vault XP percentage of total XP
 D = Non-vault monster count
 E = Vault monster count
 F = Vault count percentage of total count
                 A         B        C        D         E       F
            +---------+---------+-------+---------+---------+-------
      Total |     721 |     430 |  37.4 |      56 |       5 |   8.2
            +---------+---------+-------+---------+---------+-------
        D:1 |      32 |       0 |   0.0 |      21 |       0 |   0.0
        D:2 |      22 |       0 |   0.0 |      10 |       0 |   0.0
        D:3 |     361 |     297 |  45.1 |      21 |       3 |  12.5
        D:4 |      37 |       0 |   0.0 |       2 |       0 |   0.0
        D:5 |     269 |     133 |  33.1 |       2 |       2 |  50.0
            +---------+---------+-------+---------+---------+-------
